 Dungeon Crawl Stone Soup version 0.31-a0-986-g5e6e4ef867 (webtiles) character file.

Game seed: 6710076883510285728

102 Edyrem the Shooter (level 4, -3/29 HPs)
             Began as a Tengu Hunter on Nov 10, 2023.
             Slain by a sleepcap (7 damage)
             ... on level 3 of the Dungeon.
             The game lasted 00:04:50 (1770 turns).

Edyrem the Shooter (Tengu Hunter)                   Turns: 1770, Time: 00:04:50

Health: -3/29      AC:  3    Str: 11    XL:     4   Next: 77%
Magic:  5/5        EV: 12    Int:  9    God:
Gold:   91         SH:  0    Dex: 20    Spells: 3/3 levels left

rFire   . . .        a - +0 shortbow
rCold   . . .        (shield currently unavailable)
rNeg    . . .        c - +0 leather armour
rPois   .            o - +0 hat
rElec   .            (no cloak)
rCorr   .            (no gloves)
SInv    .            (boots unavailable)
Will    .....        (no amulet)
Stlth   ++           h - ring of flight
HPRegen 0.24/turn    (no ring)
MPRegen 0.09/turn

%: acrobat
@: flying
A: beak, talons 3, acrobatic
a: no special abilities


You were on level 3 of the Dungeon.
You visited 1 branch of the dungeon, and saw 4 of its levels.

You collected 91 gold pieces.

Inventory:

Hand Weapons
 a - a +0 shortbow (weapon)
 b - a +0 falchion of electrocution
Armour
 c - a +0 leather armour (worn)
 o - a +0 hat (worn)
Jewellery
 h - a ring of flight (left hand)
Scrolls
 e - 2 scrolls of amnesia {unknown}
 f - 2 scrolls of teleportation {unknown}
 g - 5 scrolls of identify {unknown}
 l - 2 scrolls of butterflies
 m - a scroll of fog {unknown}
 p - a scroll of revelation {unknown}
Potions
 d - a potion of enlightenment {unknown}
 i - a potion of curing {unknown}
 j - a potion of heal wounds {unknown}
 k - a potion of ambrosia {unknown}
 n - a potion of mutation {unknown}


   Skills:
 + Level 3.6 Fighting
 + Level 5.5 Ranged Weapons
 - Level 2.1 Dodging
 - Level 1.0 Stealth


You had 3 spell levels left.
You didn't know any spells.
Your spell library contained the following spells:

 Spells                   Type           Power      Damage    Failure   Level
 Dazzling Flash           Conj/Hex       0%         N/A       85%         3
 Volatile Blastmotes      Fire/Tloc      0%         2d10      85%         3
 Starburst                Conj/Fire      0%         6d3       100%        6
 Maxwell's Capacitive Co  Air            0%         ∞         100%        8


Dungeon Overview and Level Annotations

Branches:
Dungeon (4/15)
 Temple: D:4-7

Altars:

Shops:
D:1 !   D:2 (


Innate Abilities, Weirdness & Mutations

You have a beak for a mouth.
You have claws for feet.
You can magically evade attacks while moving or waiting.


Message History

Fire: a) +0 shortbow
Press: ? - help, Q - select action Shift-Dir - straight line, f/p - sleepcap
Aim: a sleepcap (lightly damaged, 98% to hit)
You shoot an arrow. The arrow hits the sleepcap.
The sleepcap is moderately damaged.
Fire: a) +0 shortbow
Press: ? - help, Q - select action Shift-Dir - straight line, f/p - sleepcap
Aim: a sleepcap (moderately damaged, 98% to hit)
You shoot an arrow. The arrow hits the sleepcap.
The sleepcap is heavily damaged.
The sleepcap misses you.
The sleepcap releases spores at you but does no damage.
Fire: a) +0 shortbow
Press: ? - help, Q - select action Shift-Dir - straight line, f/p - sleepcap
Aim: a sleepcap (heavily damaged, 98% to hit)
You shoot an arrow.
The arrow hits the sleepcap but does no damage.
The sleepcap is heavily damaged.
The sleepcap releases spores at you.
Fire: a) +0 shortbow
Press: ? - help, Q - select action Shift-Dir - straight line, f/p - sleepcap
Aim: a sleepcap (heavily damaged, 98% to hit)
You shoot an arrow. The arrow hits the sleepcap!
The sleepcap is almost destroyed.
The sleepcap closely misses you.
Fire: a) +0 shortbow
Press: ? - help, Q - select action Shift-Dir - straight line, f/p - sleepcap
Aim: a sleepcap (almost destroyed, 98% to hit)
You shoot an arrow.
The arrow hits the sleepcap but does no damage.
The sleepcap is almost destroyed.
The orc hits you with a +0 dagger. The sleepcap releases spores at you.
* * * LOW HITPOINT WARNING * * *
Fire: a) +0 shortbow
Press: ? - help, Q - select action Shift-Dir - straight line, f/p - sleepcap
Aim: a sleepcap (almost destroyed, 98% to hit)
You shoot an arrow. The arrow hits the sleepcap.
The sleepcap is almost destroyed.
The orc hits you but does no damage. The sleepcap releases spores at you!
You die...

#......... .........
##........####...<....
#.....................
#..........# #........
#..........###..~~o~~~
#..........##~~f~≈≈≈≈≈
#..........~~~≈≈≈≈≈≈≈≈
#...@f..~~~≈≈≈≈≈~~~~~
##.†.o.~~≈≈≈≈~~~~....
#####~≈≈≈≈~~~.......
#~≈≈~~~.........
#~~)~...........
###########.....
#...... #......
#......


You could see a sleepcap and an orc.

Vanquished Creatures
  Terence (D:2)
  An adder (D:2)
  A worm (D:2)
  2 dart slugs (D:1)
  5 orcs (D:3)
  5 ball pythons
  5 endoplasms
  3 giant cockroaches
  4 goblins
  4 hobgoblins
  5 jackals
  2 quokkas
  2 bats
  3 frilled lizards
  4 kobolds
  6 rats
53 creatures vanquished.

Notes
Turn   | Place    | Note
-------+----------+-------------------------------------------
     0 | D:1      | Edyrem the Tengu Hunter began the quest for the Orb.
     0 | D:1      | Reached XP level 1. HP: 12/12 MP: 2/2
    53 | D:1      | Reached XP level 2. HP: 9/18 MP: 3/3
    88 | D:1      | Found Piklamma's Distillery.
   368 | D:1      | Found a faded altar of an unknown god.
   423 | D:1      | Reached XP level 3. HP: 22/22 MP: 4/4
   571 | D:1      | Reached skill level 5 in Ranged Weapons
   950 | D:2      | Found Hynuidghele's Weapon Emporium.
  1018 | D:2      | Noticed Terence
  1033 | D:2      | Killed Terence
  1034 | D:2      | Reached XP level 4. HP: 28/28 MP: 5/5
  1770 | D:3      | Slain by a sleepcap

Illustrated notes

Levels and vault maps discovered:
D:1:      heliophobic_arrival_battle_scene, layout_basic,
          chequers_ecumenical_altar_simple_redux, serial_glass, glass_columns_a,
          glass_columns_a, serial_shops, nicolae_shop_stone
D:2:      layout_loops_cross, serial_shops, shop, nrook_uturn, uniq_terence
D:3:      wander_river, layout_rooms, serial_shops, nicolae_square_shop
D:4:      layout_cave_pools, mainiacjoe_overflow_tiny_flanked

Skill      XL: |  1  2  3 |
---------------+----------+-----
Ranged Weapons | 5 |  5.5
Fighting       | 3 |  3.6
Dodging        | |  2.1
Stealth        | |  1.0

Action                     |  1- 3 |  4- 6 || total
---------------------------+-------+-------++-------
   Fire: Shortbow          |    94 |    73 ||   167
 Armour: Leather armour    |    19 |    28 ||    47
  Dodge: Dodged            |    26 |    16 ||    42

Table legend: (Time is in decaauts)
 A = Elapsed time spent in this place.
 B = Non-inter-level travel time spent in this place.
 C = Inter-level travel time spent in this place.
 D = Time resting spent in this place.
 E = Time spent auto-exploring this place.
 F = Levels seen in this place.
 G = Mean time per level.
                   A        B        C        D        E       F      G
               +--------+--------+--------+--------+--------+-----+--------+
         Total |   1801 |   1761 |     40 |     34 |   1304 |   4 |  450.2 |
       Dungeon |   1801 |   1761 |     40 |     34 |   1304 |   4 |  450.2 |
               +--------+--------+--------+--------+--------+-----+--------+

Top non-repeatable levels by time:
     D:1: 849 daAuts
     D:2: 734 daAuts
     D:3: 215 daAuts
     D:4: 1 daAuts
